| TOP OF THE 1ST |
|
University of Virginia Cavaliers batting - Pitching for University of Miami Hurricanes : LHP Matt Karr
|
|
Pitching: LHP Matt Karr
|
|
|
Batting: RHB Rohit Gadhavi
|
0-0: Ball 1-0: Called Strike 1-1: Swinging Strike 1-2: Ball 2-2: Ball 3-2: Foul Ball, location: 2F 3-2: Foul Ball, location: 2F 3-2: SINGLE (Groundball, 6MD, EV 98.8 MPH)
|
|
Batting: SHB Eric Kelley
|
0-0: Foul Ball, location: 2F 0-1: Ball 1-1: Swinging Strike 1-2: Ball 2-2: Foul Ball, location: 2F 2-2: Foul Ball, location: 2F 2-2: Ball 3-2: Fly out, F3 (Popup, 3SF, EV 70.0 MPH)
|
|
Batting: RHB Arnaud Derosiers
|
0-0: Ball Rohit Gadhavi is caught stealing 2nd base 2-4 1-0: Called Strike 1-1: Ball 2-1: Foul Ball, location: 2F 2-2: Hit by Pitch
|
|
Pinch Runner at 1st Eric McClelland:
|
|
|
Batting: RHB Adam Dudek
|
0-0: Ball 1-0: Foul Ball, location: 2F 1-1: Foul Ball, location: 2F 1-2: Ball 2-2: Fly out, F9 (Flyball, 9LM, EV 96.3 MPH)
|
| Top of the 1st over - 0 runs, 1 hit, 0 errors, 1 left on base; University of Virginia 0 - University of Miami 0 |
| BOTTOM OF THE 1ST |
|
University of Miami Hurricanes batting - Pitching for University of Virginia Cavaliers : RHP Matt Seivert
|
|
Pitching: RHP Matt Seivert
|
|
|
Now at 1B: Eric McClelland
|
|
|
Batting: RHB John Norton
|
0-0: Swinging Strike 0-1: Ball 1-1: SINGLE (Groundball, 4MD, EV 110.0 MPH)
|
|
Batting: LHB Timotheus Young
|
0-0: Ball John Norton steals 2nd base 1-0: Called Strike 1-1: Ball 2-1: Called Strike 2-2: Ball 3-2: Foul Ball, location: 2F 3-2: Base on Balls
|
|
Batting: RHB Cesar Rendon
|
0-0: SINGLE (Groundball, 6MD, EV 103.1 MPH) John Norton to third Timotheus Young to second Runner from 3rd tries for Home, SAFE, throw by CF to home
|
|
Batting: LHB Eric Willis
|
0-0: Called Strike 0-1: Ball 1-1: Fly out, F7 (Flyball, 7, EV 93.8 MPH)
|
|
Batting: LHB Kiyosumi Yoshioka
|
0-0: Swinging Strike 0-1: Ball 1-1: Called Strike 1-2: Reached on error, E4 (Groundball, 34, EV 86.9 MPH) Timotheus Young to third Cesar Rendon to second
|
|
Batting: RHB Guo Kwok
|
0-0: Called Strike 0-1: Ball 1-1: Foul Ball, location: 2F 1-2: Foul Ball, location: 2F 1-2: Ball 2-2: Foul Ball, location: 2F 2-2: Foul Ball, location: 2F 2-2: Ball 3-2: Foul Ball, location: 2F 3-2: Foul Ball, location: 2F 3-2: Fly out, F6 (Popup, 6, EV 72.5 MPH)
|
|
Batting: SHB Dan Strickland
|
0-0: Ball 1-0: Ball 2-0: Foul Ball, location: 2F 2-1: Foul Ball, location: 2F 2-2: Ball 3-2: SINGLE (Groundball, 4MD, EV 93.8 MPH) Timotheus Young scores Cesar Rendon to third Kiyosumi Yoshioka to second Cesar Rendon scores Kiyosumi Yoshioka to third
|
|
Batting: RHB Declan Eichele
|
0-0: Ball 1-0: Foul Ball, location: 2F 1-1: Ball 2-1: Called Strike 2-2: Foul Ball, location: 2F 2-2: Ball 3-2: Foul Ball, location: 2F 3-2: Strikes out swinging
|
| Bottom of the 1st over - 3 runs, 3 hits, 1 error, 2 left on base; University of Virginia 0 - University of Miami 3 |
| TOP OF THE 2ND |
|
University of Virginia Cavaliers batting - Pitching for University of Miami Hurricanes : LHP Matt Karr
|
|
Batting: LHB Jesse Westmoreland
|
0-0: Ground out 3-1 (Groundball, 34, EV 84.4 MPH)
|
|
Batting: RHB Matt Peddle
|
0-0: Called Strike 0-1: Ball 1-1: Foul Ball, location: 2F 1-2: Foul Ball, location: 2F 1-2: Ball 2-2: Foul Ball, location: 2F 2-2: Ball 3-2: SINGLE (Groundball, 6MD, EV 98.1 MPH)
|
|
Batting: RHB Melvin Nava
|
0-0: Called Strike 0-1: SINGLE (Line Drive, 7S, EV 94.4 MPH) Matt Peddle to second
|
|
Batting: RHB Matt Sobolewski
|
0-0: Foul Ball, location: 2F 0-1: Foul Ball, location: 2F 0-2: Ball 1-2: Foul Ball, location: 2F 1-2: Ball 2-2: Fly out, F9 (Flyball, 9LM, EV 90.6 MPH)
|
|
Batting: RHB Gabe Secundino
|
0-0: Ball 1-0: Fielders Choice at 2nd, U4 (Groundball, 4M, EV 93.1 MPH)
|
| Top of the 2nd over - 0 runs, 2 hits, 0 errors, 2 left on base; University of Virginia 0 - University of Miami 3 |
| BOTTOM OF THE 2ND |
|
University of Miami Hurricanes batting - Pitching for University of Virginia Cavaliers : RHP Matt Seivert
|
|
Batting: RHB Alex Velasco
|
0-0: Ball 1-0: Ball 2-0: SINGLE (Line Drive, 78S, EV 106.3 MPH)
|
|
Batting: RHB John Norton
|
0-0: Ball 1-0: Swinging Strike 1-1: Foul Ball, location: 2F 1-2: Grounds into double play, 6-4-3 (Groundball, 6, EV 100.6 MPH)
|
|
Batting: LHB Timotheus Young
|
0-0: Ball 1-0: Called Strike 1-1: Hit by Pitch
|
|
Batting: RHB Cesar Rendon
|
0-0: Ball 1-0: Called Strike Timotheus Young steals 2nd base 1-1: Ball 2-1: Ground out 6-3 (Groundball, 56D, EV 86.3 MPH)
|
| Bottom of the 2nd over - 0 runs, 1 hit, 0 errors, 1 left on base; University of Virginia 0 - University of Miami 3 |
| TOP OF THE 3RD |
|
University of Virginia Cavaliers batting - Pitching for University of Miami Hurricanes : LHP Matt Karr
|
|
Batting: RHB Rohit Gadhavi
|
0-0: Ball 1-0: Ball 2-0: Ball 3-0: Called Strike 3-1: Base on Balls
|
|
Batting: SHB Eric Kelley
|
0-0: Called Strike 0-1: Swinging Strike 0-2: Ball 1-2: Ball 2-2: Ball Wild Pitch! Rohit Gadhavi to second 3-2: Ground out 5-3 (Groundball, 5, EV 78.8 MPH)
|
|
Batting: RHB Eric McClelland
|
0-0: Swinging Strike 0-1: Foul Ball, location: 2F 0-2: Strikes out swinging
|
|
Batting: RHB Adam Dudek
|
0-0: Ball 1-0: Ground out 2-3 (Groundball, 2R, EV 73.1 MPH)
|
| Top of the 3rd over - 0 runs, 0 hits, 0 errors, 1 left on base; University of Virginia 0 - University of Miami 3 |
| BOTTOM OF THE 3RD |
|
University of Miami Hurricanes batting - Pitching for University of Virginia Cavaliers : RHP Matt Seivert
|
|
Batting: LHB Eric Willis
|
0-0: Called Strike 0-1: Ball 1-1: SINGLE (Groundball, 56D, EV 104.4 MPH)
|
|
Batting: LHB Kiyosumi Yoshioka
|
0-0: Called Strike 0-1: Ball 1-1: Foul Ball, location: 2F 1-2: Foul Ball, location: 2F 1-2: SINGLE (Groundball, 34D, EV 100.0 MPH) Eric Willis to second Runner from 2nd tries for 3rd, SAFE, throw by RF made to third
|
|
Batting: RHB Guo Kwok
|
0-0: Ball 1-0: Fielders Choice at 2nd, 5-4 (Groundball, 56, EV 85.0 MPH) Eric Willis scores
|
|
Batting: SHB Dan Strickland
|
0-0: Ball 1-0: Foul Ball, location: 2F 1-1: Ball 2-1: DOUBLE (Line Drive, 9LD, EV 101.9 MPH) Guo Kwok to third
|
|
Batting: RHB Declan Eichele
|
0-0: Foul Ball, location: 2F 0-1: Foul Ball, location: 2F 0-2: Foul Ball, location: 2F 0-2: Strikes out swinging
|
|
Batting: RHB Alex Velasco
|
0-0: Ball 1-0: Ball 2-0: Foul Ball, location: 2F 2-1: Ball 3-1: Called Strike 3-2: SINGLE (Line Drive, 89S, EV 96.9 MPH) Guo Kwok scores Dan Strickland to third Runner from 3rd tries for Home, SAFE, throw by CF to home
|
|
Pitching: LHP Mike Arias
|
|
|
Batting: RHB John Norton
|
0-0: Ball 1-0: Fly out, F3 (Line Drive, 3, EV 63.8 MPH)
|
| Bottom of the 3rd over - 3 runs, 4 hits, 0 errors, 1 left on base; University of Virginia 0 - University of Miami 6 |
| TOP OF THE 4TH |
|
University of Virginia Cavaliers batting - Pitching for University of Miami Hurricanes : LHP Matt Karr
|
|
Batting: LHB Jesse Westmoreland
|
0-0: Called Strike 0-1: Swinging Strike 0-2: Foul Ball, location: 2F 0-2: Foul Ball, location: 2F 0-2: Strikes out looking
|
|
Batting: RHB Matt Peddle
|
0-0: Ball 1-0: Ball 2-0: Called Strike 2-1: Ball 3-1: Called Strike 3-2: Base on Balls
|
|
Batting: RHB Melvin Nava
|
0-0: Swinging Strike 0-1: Foul Ball, location: 2F 0-2: Ball 1-2: Foul Ball, location: 2F 1-2: Strikes out swinging
|
|
Pitching: RHP Alex Granado
|
|
|
Batting: RHB Matt Sobolewski
|
0-0: Called Strike 0-1: Foul Ball, location: 2F 0-2: Strikes out looking
|
| Top of the 4th over - 0 runs, 0 hits, 0 errors, 1 left on base; University of Virginia 0 - University of Miami 6 |
| BOTTOM OF THE 4TH |
|
University of Miami Hurricanes batting - Pitching for University of Virginia Cavaliers : LHP Mike Arias
|
|
Batting: LHB Timotheus Young
|
0-0: Foul Ball, location: 2F 0-1: Foul Ball, location: 2F 0-2: Ball 1-2: Ball 2-2: Foul Ball, location: 2F 2-2: Ball 3-2: Base on Balls
|
|
Batting: RHB Cesar Rendon
|
0-0: SINGLE (Line Drive, 78S, EV 105.0 MPH) Timotheus Young to second
|
|
Batting: LHB Eric Willis
|
0-0: Called Strike 0-1: Called Strike 0-2: Ball 1-2: Ball 2-2: Ball 3-2: Strikes out swinging
|
|
Batting: LHB Kiyosumi Yoshioka
|
0-0: SINGLE (Groundball, 56D, EV 107.5 MPH) Timotheus Young to third Cesar Rendon to second
|
|
Batting: RHB Guo Kwok
|
0-0: Foul Ball, location: 2F 0-1: Fielders Choice at 2nd, 5-4 (Groundball, 56, EV 81.9 MPH) Timotheus Young scores Cesar Rendon to third
|
|
Batting: SHB Dan Strickland
|
0-0: Foul Ball, location: 2F 0-1: Foul Ball, location: 2F 0-2: Foul Ball, location: 2F 0-2: Strikes out looking
|
| Bottom of the 4th over - 1 run, 2 hits, 0 errors, 2 left on base; University of Virginia 0 - University of Miami 7 |
| TOP OF THE 5TH |
|
University of Virginia Cavaliers batting - Pitching for University of Miami Hurricanes : RHP Alex Granado
|
|
Batting: RHB Gabe Secundino
|
0-0: Ball 1-0: Foul Ball, location: 2F 1-1: Ball 2-1: Foul Ball, location: 2F 2-2: Ball 3-2: Strikes out swinging
|
|
Batting: RHB Rohit Gadhavi
|
0-0: Ball 1-0: Called Strike 1-1: Reached on error, E6 (Groundball, 6, EV 85.0 MPH)
|
|
Batting: SHB Eric Kelley
|
0-0: Foul Ball, location: 2F 0-1: Ball 1-1: Ball 2-1: Called Strike 2-2: Ball 3-2: Foul Ball, location: 2F 3-2: Strikes out looking
|
|
Batting: RHB Eric McClelland
|
0-0: Called Strike 0-1: Ball 1-1: Swinging Strike 1-2: Ball 2-2: Ground out 5-3 (Groundball, 56, EV 93.1 MPH)
|
| Top of the 5th over - 0 runs, 0 hits, 1 error, 1 left on base; University of Virginia 0 - University of Miami 7 |
| BOTTOM OF THE 5TH |
|
University of Miami Hurricanes batting - Pitching for University of Virginia Cavaliers : LHP Mike Arias
|
|
Batting: RHB Declan Eichele
|
0-0: Swinging Strike 0-1: Ground out 5-3 (Groundball, 56, EV 110.6 MPH)
|
|
Batting: RHB Alex Velasco
|
0-0: Called Strike 0-1: Swinging Strike 0-2: Strikes out swinging
|
|
Batting: RHB John Norton
|
0-0: Ground out U3 (Groundball, 3, EV 103.1 MPH)
|
| Bottom of the 5th over - 0 runs, 0 hits, 0 errors, 0 left on base; University of Virginia 0 - University of Miami 7 |
| TOP OF THE 6TH |
|
University of Virginia Cavaliers batting - Pitching for University of Miami Hurricanes : RHP Alex Granado
|
|
Batting: RHB Adam Dudek
|
0-0: Ball 1-0: Ball 2-0: Ball 3-0: Base on Balls
|
|
Batting: LHB Jesse Westmoreland
|
0-0: Fly out, F5 (Flyball, 5D, EV 84.4 MPH)
|
|
Batting: RHB Matt Peddle
|
0-0: Called Strike 0-1: Swinging Strike 0-2: Strikes out looking
|
|
Batting: RHB Melvin Nava
|
0-0: Ball 1-0: Foul Ball, location: 2F 1-1: Called Strike 1-2: Fly out, F7 (Line Drive, 7, EV 98.8 MPH)
|
| Top of the 6th over - 0 runs, 0 hits, 0 errors, 1 left on base; University of Virginia 0 - University of Miami 7 |
| BOTTOM OF THE 6TH |
|
University of Miami Hurricanes batting - Pitching for University of Virginia Cavaliers : LHP Mike Arias
|
|
Batting: LHB Timotheus Young
|
0-0: Ball 1-0: Ground out 1-3 (Groundball, 34S, EV 75.6 MPH)
|
|
Batting: RHB Cesar Rendon
|
0-0: Swinging Strike 0-1: Ball 1-1: Ball 2-1: Foul Ball, location: 2F 2-2: Ball 3-2: Strikes out swinging
|
|
Batting: LHB Eric Willis
|
0-0: Ball 1-0: Called Strike 1-1: Foul Ball, location: 2F 1-2: Strikes out looking
|
| Bottom of the 6th over - 0 runs, 0 hits, 0 errors, 0 left on base; University of Virginia 0 - University of Miami 7 |
| TOP OF THE 7TH |
|
University of Virginia Cavaliers batting - Pitching for University of Miami Hurricanes : RHP Alex Granado
|
|
Batting: RHB Matt Sobolewski
|
0-0: Ball 1-0: Called Strike 1-1: Called Strike 1-2: Ball 2-2: Ball 3-2: Ground out 4-3 (Groundball, 4, EV 93.1 MPH)
|
|
Batting: RHB Gabe Secundino
|
0-0: Called Strike 0-1: Fly out, F4 (Flyball, 4D, EV 90.6 MPH)
|
|
Batting: RHB Rohit Gadhavi
|
0-0: Ball 1-0: Called Strike 1-1: Called Strike 1-2: Ball 2-2: Ball 3-2: Strikes out swinging
|
| Top of the 7th over - 0 runs, 0 hits, 0 errors, 0 left on base; University of Virginia 0 - University of Miami 7 |
| BOTTOM OF THE 7TH |
|
University of Miami Hurricanes batting - Pitching for University of Virginia Cavaliers : LHP Mike Arias
|
|
Batting: LHB Kiyosumi Yoshioka
|
0-0: Called Strike 0-1: Swinging Strike 0-2: Ball 1-2: Strikes out swinging
|
|
Pitching: RHP Steven Frost
|
|
|
Batting: RHB Guo Kwok
|
0-0: Ball 1-0: Foul Ball, location: 2F 1-1: Ball 2-1: Ball 3-1: Base on Balls
|
|
Batting: SHB Dan Strickland
|
0-0: Foul Ball, location: 2F 0-1: DOUBLE (Groundball, 5L, EV 106.9 MPH) Guo Kwok to third
|
|
Batting: RHB Declan Eichele
|
0-0: Ball 1-0: Ball 2-0: Ball 3-0: Called Strike 3-1: Called Strike 3-2: Foul Ball, location: 2F 3-2: Base on Balls
|
|
Batting: RHB Alex Velasco
|
0-0: Called Strike 0-1: Ball 1-1: Foul Ball, location: 2F 1-2: Strikes out swinging
|
|
Batting: RHB John Norton
|
0-0: Swinging Strike 0-1: Ball 1-1: Swinging Strike 1-2: Strikes out swinging
|
| Bottom of the 7th over - 0 runs, 1 hit, 0 errors, 3 left on base; University of Virginia 0 - University of Miami 7 |
| TOP OF THE 8TH |
|
University of Virginia Cavaliers batting - Pitching for University of Miami Hurricanes : RHP Alex Granado
|
|
Pinch Hitting: RHB Shing Mah
|
0-0: Ground out 4-3 (Groundball, 4, EV 89.4 MPH)
|
|
Pinch Hitting: LHB William Gonzales
|
0-0: Swinging Strike 0-1: Ball 1-1: Foul Ball, location: 2F 1-2: Ball 2-2: Foul Ball, location: 2F 2-2: SOLO HOME RUN (Flyball, 89XD, EV 110.0 MPH), Distance : 423 ft
|
|
Pitching: RHP Scott Howarth
|
|
|
Batting: RHB Adam Dudek
|
0-0: Ball 1-0: Fly out, F9 (Flyball, 9S, EV 81.9 MPH)
|
|
Batting: LHB Jesse Westmoreland
|
0-0: Called Strike 0-1: Foul Ball, location: 2F 0-2: Strikes out looking
|
| Top of the 8th over - 1 run, 1 hit, 0 errors, 0 left on base; University of Virginia 1 - University of Miami 7 |
| BOTTOM OF THE 8TH |
|
University of Miami Hurricanes batting - Pitching for University of Virginia Cavaliers : RHP Steven Frost
|
|
Now at 1B: William Gonzales
|
|
|
Now in LF: Jesse Westmoreland
|
|
|
Now in RF: Ricky Aguilar
|
|
|
Batting: LHB Timotheus Young
|
0-0: Called Strike 0-1: Ball 1-1: Fly out, F8 (Flyball, 8RXD, EV 101.9 MPH)
|
|
Batting: RHB Cesar Rendon
|
0-0: Called Strike 0-1: Fly out, F3 (Line Drive, 3, EV 64.4 MPH)
|
|
Batting: LHB Eric Willis
|
0-0: Ball 1-0: Ball 2-0: Foul Ball, location: 2F 2-1: Swinging Strike 2-2: Foul Ball, location: 2F 2-2: DOUBLE (Groundball, 5L, EV 110.0 MPH)
|
|
Batting: LHB Kiyosumi Yoshioka
|
0-0: Ball 1-0: Foul Ball, location: 2F 1-1: Called Strike 1-2: Ball 2-2: Foul Ball, location: 2F 2-2: Ground out 1-3 (Groundball, 13S, EV 65.6 MPH)
|
| Bottom of the 8th over - 0 runs, 1 hit, 0 errors, 1 left on base; University of Virginia 1 - University of Miami 7 |
| TOP OF THE 9TH |
|
University of Virginia Cavaliers batting - Pitching for University of Miami Hurricanes : RHP Scott Howarth
|
|
Pinch Hitting: LHB Sean Banks
|
0-0: Called Strike 0-1: Ball 1-1: Ball 2-1: Swinging Strike 2-2: Ball 3-2: Foul Ball, location: 2F 3-2: Fly out, F8 (Flyball, 89M, EV 68.1 MPH)
|
|
Pinch Hitting: LHB Lorenzo Valenzuela
|
0-0: Called Strike 0-1: Ground out 4-3 (Groundball, 4, EV 94.4 MPH)
|
|
Pinch Hitting: RHB Daniel Wise
|
0-0: Ground out 4-3 (Groundball, 34, EV 104.4 MPH)
|
| Top of the 9th over - 0 runs, 0 hits, 0 errors, 0 left on base; University of Virginia 1 - University of Miami 7 |
|